 Dungeon Crawl Stone Soup version 0.24-a0-581-gc0fa6600bf (webtiles) character file.

Game seed: 3181115417632791944

2729 Eightlegvermin the Quickloader (level 9, -3/47 HPs)
             Began as a Kobold Arcane Marksman on Aug 24, 2019.
             Was a Follower of Yredelemnul.
             Slain by an orc warrior
             ... wielding a cursed -3 dire flail
              (23 damage)
             ... on level 8 of the Dungeon.
             The game lasted 01:01:34 (12867 turns).

Eightlegvermin the Quickloader (KoAM)              Turns: 12867, Time: 01:01:38

Health: -3/47      AC:  4    Str: 10    XL:     9   Next: 99%
Magic:  17/17      EV: 16    Int: 14    God:    Yredelemnul [*.....]
Gold:   291        SH:  0    Dex: 16    Spells: 6/18 levels left

rFire    . . .     SeeInvis .   a - +1 hand crossbow
rCold    . . .     Gourm    .   (shield restricted)
rNeg     . . .     Faith    .   j - +1 leather armour
rPois    .         Spirit   .   (no helmet)
rElec    .         Reflect  .   (no cloak)
rCorr    .         Harm     .   (no gloves)
MR       .....                  (no boots)
Stlth    ++........             (no amulet)
HPRegen  0.15/turn              (no ring)
MPRegen  0.15/turn              (no ring)

@: no status effects
A: small, carnivore
a: Animate Remains, Renounce Religion


You were on level 8 of the Dungeon.
You worshipped Yredelemnul.
Yredelemnul was aware of your devotion.
You were not hungry.

You visited 2 branches of the dungeon, and saw 9 of its levels.

You collected 461 gold pieces.
You spent 170 gold pieces at shops.

Inventory:

Hand Weapons
 a - a +1 hand crossbow (weapon)
 b - a +2 dagger of venom
 x - a +0 shortbow
Missiles
 d - 35 bolts (quivered)
 r - 2 boomerangs
 z - 5 silver boomerangs
 B - 17 arrows
Armour
 e - a +0 robe
 j - a +1 leather armour (worn)
Jewellery
 p - an uncursed amulet of the gourmand
 y - the ring of Kufasel {rF+ rC+, unknown}
   (You found it on level 7 of the Dungeon)

   [ring of protection from cold]

   It protects you from fire.
   It protects you from cold.
 D - a cursed -3 ring of slaying
Wands
 v - a wand of digging (11)
Scrolls
 h - 2 scrolls of immolation
 i - 5 scrolls of identify
 l - 2 scrolls of teleportation
 o - a scroll of noise {unknown}
 s - 2 scrolls of enchant armour
 u - 2 scrolls of remove curse
 C - a scroll of amnesia {unknown}
Potions
 c - 3 potions of agility {unknown}
 g - a potion of invisibility
 k - 4 potions of haste
 m - a potion of flight {unknown}
 n - 10 potions of curing
 q - a potion of brilliance
 t - a potion of heal wounds
 w - a potion of berserk rage {unknown}
 A - a potion of might {unknown}
Comestibles
 f - 16 rations


   Skills:
 - Level 1.1 Fighting
 - Level 4.1 Short Blades
 - Level 10.1 Crossbows
 - Level 4.4 Dodging
 - Level 3.0 Stealth
 * Level 5.3 Spellcasting
 + Level 7.2 Hexes


You had 6 spell levels left.
You knew the following spells:

 Your Spells              Type           Power        Failure   Level  Hunger
a - Corona                Hex            ###....      1%          1    None
b - Slow                  Hex            ###.....     1%          2    ##.....
c - Tukima's Dance        Hex            ###.....     3%          3    ###....
d - Confuse               Hex            ###.....     3%          3    ###....
e - Inner Flame           Hex/Fire       ##......     16%         3    ###....

Your spell library contained the following spells:

 Spells                   Type           Power        Failure   Level  Hunger
 Ensorcelled Hibernation  Hex/Ice        ##....       8%          2    ##.....
 Cause Fear               Hex            ###.......   12%         4    ####...
 Dazzling Spray           Conj/Hex       ##....       16%         3    ###....
 Portal Projectile        Hex/Tloc       ##....       16%         3    ###....
 Leda's Liquefaction      Hex/Erth       ##........   45%         4    ####...


Dungeon Overview and Level Annotations

Branches:
Dungeon (8/15)             Temple (1/1) D:4
   Lair: D:8-11

Altars:
Ashenzari
Cheibriados
Dithmenos
Elyvilon
Fedhas
Gozag
Hepliaklqana
Kikubaaqudgha
Makhleb
Nemelex Xobeh
Okawaru
Qazlal
Ru
Sif Muna
Trog
Uskayaw
Vehumet
Wu Jian
Xom
Yredelemnul
Zin
The Shining One

Shops:
D:4 !

Annotations:
D:3 exclusion: downstairs
D:7 exclusions: jackal, wight and 1 more exclusion
D:8 Prince Ribbit


Innate Abilities, Weirdness & Mutations

You are small and have problems with some larger weapons.
You are carnivorous and can eat meat at any time.


Message History

Firing (i - inventory. (/) - cycle)
d - 37 bolts (quivered)
Press: ? - help, Shift-Dir - straight line, f/p - orc warrior
Aim: an orc warrior, wielding a -3 dire flail and wearing a cursed +0 chain mail (severely wounded, softly glowing)
You shoot a bolt.
The bolt completely misses the orc warrior.
The bolt closely misses the orc.
The orc warrior hits you with a cursed -3 dire flail!!
You are too injured to fight recklessly!
You are too injured to fight recklessly!
You are too injured to fight recklessly!
Firing (i - inventory. (/) - cycle)
d - 36 bolts (quivered)
Press: ? - help, Shift-Dir - straight line, f/p - orc warrior
Aim: an orc warrior, wielding a -3 dire flail and wearing a cursed +0 chain mail (severely wounded, softly glowing)
You shoot a bolt.
The bolt hits the orc warrior but does no damage.
The orc warrior is severely wounded.
The orc warrior stops glowing.
The orc warrior hits you with a cursed -3 dire flail!!
You die...
Your body rises from the dead as a mindless zombie.

#########
#.<...(.#
#.......# .
#.....[.#
....######@...)..#
..........o......#
..........o......#
##........(......#
#.........(......#
y##.######.(.....#
#......'.......#
#......#(......#
##.#....#.......#


You could see an orc warrior and an orc.

Vanquished Creatures
  Joseph (D:8)
  A hippogriff (D:7)
  Sigmund (D:6)
  Edmund (D:6)
  An ice beast (D:5)
  Duvessa (D:6)
  A sky beast (D:6)
  A phantom (D:4)
  3 ogres
  2 necrophages
  2 centaurs
  Dowan (D:6)
  A scorpion (D:5)
  3 hounds
  3 jellies
  3 orc priests
  2 centaur skeletons
  8 orc wizards (D:4)
  Jessica (D:7)
  2 iguanas
  3 worker ants
  A killer bee zombie (D:7)
  A hound zombie (D:6)
  A howler monkey skeleton (D:7)
  3 adders
  3 shadow imps
  2 oozes
  2 adder skeletons
  7 worms
  A dart slug (D:1)
  5 leopard geckos
  26 orcs
  6 giant cockroaches
  3 goblins
  9 hobgoblins
  4 jackals
  7 kobolds
  5 quokkas
  3 ball pythons
  5 bats
  6 frilled lizards
  A jackal skeleton (D:6)
  A leopard gecko skeleton (D:4)
  7 rats
151 creatures vanquished.

Vanquished Creatures (others)
  2 dancing weapons
  An orc zombie (D:6)
3 creatures vanquished.

Grand Total: 154 creatures vanquished

Notes
Turn   | Place    | Note
-------+----------+-------------------------------------------
     0 | D:1      | Eightlegvermin the Kobold Arcane Marksman began the quest
                  | for the Orb.
     0 | D:1      | Reached XP level 1. HP: 12/12 MP: 2/2
    71 | D:1      | Reached skill level 1 in Stealth
   159 | D:1      | Reached XP level 2. HP: 15/16 MP: 0/3
   776 | D:1      | Reached XP level 3. HP: 10/20 MP: 4/4
  1574 | D:2      | Reached skill level 3 in Crossbows
  1908 | D:2      | Reached XP level 4. HP: 25/25 MP: 2/5
  2139 | D:2      | Reached skill level 1 in Short Blades
  2575 | D:2      | Found a faded altar of an unknown god.
  3272 | D:3      | Found a shattered altar of Ashenzari.
  3589 | D:3      | Reached XP level 5. HP: 29/29 MP: 6/6
  3853 | D:3      | Found a blossoming altar of Fedhas.
  4123 | D:2      | Found a glowing silver altar of Zin.
  4219 | D:4      | Noticed a phantom
  4233 | D:4      | Killed a phantom
  4233 | D:4      | Reached skill level 4 in Crossbows
  4233 | D:4      | Reached XP level 6. HP: 34/34 MP: 7/7
  4311 | D:4      | Learned a level 2 spell: Slow
  4434 | D:4      | Found a staircase to the Ecumenical Temple.
  4481 | Temple   | Entered the Ecumenical Temple
  4834 | Temple   | Became a worshipper of Yredelemnul the Dark
  4933 | D:4      | Found a sacrificial altar of Ru.
  4937 | D:4      | Found a snail-covered altar of Cheibriados.
  4937 | D:4      | Found a radiant altar of Vehumet.
  4945 | D:4      | Found an opulent altar of Gozag.
  4945 | D:4      | Found an iron altar of Okawaru.
  5365 | D:4      | Found a sparkling altar of Nemelex Xobeh.
  5451 | D:4      | Reached skill level 5 in Crossbows
  5454 | D:4      | Reached XP level 7. HP: 30/38 MP: 4/8
  5988 | D:4      | Found Assa's Distillery.
  6033 | D:4      | Bought a potion of curing for 30 gold pieces
  6033 | D:4      | Bought a potion of curing for 30 gold pieces
  6033 | D:4      | Bought a potion of curing for 30 gold pieces
  6033 | D:4      | Bought a potion of curing for 30 gold pieces
  6033 | D:4      | Bought a potion of heal wounds for 50 gold pieces
  6179 | D:5      | Entered Level 5 of the Dungeon
  6472 | D:5      | Reached skill level 6 in Crossbows
  6544 | D:5      | Learned a level 3 spell: Tukima's Dance
  6814 | D:5      | Found an opulent altar of Gozag.
  6944 | D:5      | Reached skill level 7 in Crossbows
  6944 | D:5      | Reached XP level 8. HP: 33/43 MP: 0/9
  7284 | D:5      | Found a shimmering altar of Xom.
  8775 | D:6      | Reached skill level 8 in Crossbows
  9036 | D:5      | Reached skill level 5 in Hexes
  9189 | D:6      | Learned a level 3 spell: Confuse
  9584 | D:6      | Reached * piety under Yredelemnul
  9886 | D:6      | Reached skill level 9 in Crossbows
 10484 | D:6      | Noticed Edmund
 10494 | D:6      | Killed Edmund
 10494 | D:6      | Reached XP level 9. HP: 46/46 MP: 4/10
 10552 | D:6      | Noticed Sigmund
 10556 | D:6      | Killed Sigmund
 10719 | D:6      | Noticed Duvessa
 10724 | D:6      | Noticed Dowan
 10737 | D:6      | Killed Duvessa
 10737 | D:6      | Reached skill level 10 in Crossbows
 10759 | D:6      | Killed Dowan
 10862 | D:7      | Found a hazy altar of Hepliaklqana.
 10872 | D:7      | Learned a level 3 spell: Inner Flame
 11068 | D:7      | Noticed Jessica
 11071 | D:7      | Killed Jessica
 11078 | D:7      | Found a shimmering blue altar of Sif Muna.
 11167 | D:7      | Found an ancient bone altar of Kikubaaqudgha.
 11174 | D:7      | Got a slimy amber ring
 11676 | D:7      | Found a bloodstained altar of Trog.
 11676 | D:7      | Noticed a hippogriff
 11685 | D:7      | Killed a hippogriff
 12152 | D:8      | Noticed Prince Ribbit
 12471 | D:8      | Noticed Joseph
 12512 | D:8      | Killed Joseph
 12512 | D:8      | Reached skill level 5 in Spellcasting
 12867 | D:8      | Slain by an orc warrior

Levels and vault maps discovered:
D:1:      onia_arrival_larder, layout_basic
D:2:      layout_basic, nicolae_overflow_hidden_temple,
          chequers_ecumenical_altar_simple_redux
D:3:      layout_basic, marbit_many_paths, nicolae_ashenzari_panopticon,
          first_ration
D:4:      minmay_spotlight, layout_rooms, minmay_overflow_temple_star_hex,
          nemelex_altar_shiori, minmay_temple_entry_proselytizer, serial_shops,
          shop
D:5:      layout_loops_corners, tgw_xom, hangedman_abyss_or_decor_passed,
          grunt_gozag_statues
D:6:      layout_loops_ring, sigmund_edmund_badplayer, uniq_duvessa
D:7:      layout_loops_corners, kennysheep_little_box, lightli_temple_of_fire,
          kennysheep_mini_moat, tgw_sif
D:8:      layout_gridville, david_nohive_1, fedhas_ov_isle_minmay, uniq_joseph,
          uniq_prince_ribbit1
Temple:   compressed_dpeg_triangle_lava_temple

Skill      XL: |  1  2  3  4  5  6  7  8  9 |
---------------+----------------------------+-----
Stealth        | 1 2 3 |  3.0
Dodging        | 3 4 |  4.4
Crossbows      | 3 4 5 7 9 10 | 10.1
Short Blades   | 2 3 4 |  4.1
Hexes          | 4 5 7 |  7.2
Spellcasting   | 5 |  5.3
Fighting       | |  1.1

Action                   |  1- 3 |  4- 6 |  7- 9 || total
-------------------------+-------+-------+-------++-------
Melee: Unarmed           |    13 |       |       ||    13
       Dagger            |    56 |    98 |   147 ||   301
 Fire: Hand crossbow     |    74 |    92 |   236 ||   402
 Cast: Corona            |    28 |    36 |    68 ||   132
       Slow              |       |     1 |    27 ||    28
       Confuse           |       |       |     4 ||     4
       Tukima's Dance    |       |       |     3 ||     3
Invok: Animate Remains   |       |       |     2 ||     2
  Use: Scroll            |       |    13 |     3 ||    16
       Potion            |       |       |     4 ||     4
 Stab: Sleeping          |       |     3 |     3 ||     6
       Confused          |       |       |     1 ||     1
  Eat: Chunk             |    12 |     9 |    20 ||    41
       Ration            |       |       |     2 ||     2
Armor: Robe              |     3 |       |       ||     3
       Leather armour    |     9 |    11 |    41 ||    61
Dodge: Dodged            |    86 |    79 |   161 ||   326

Table legend:
 A = Non-vault XP
 B = Vault XP
 C = Vault XP percentage of total XP
 D = Non-vault monster count
 E = Vault monster count
 F = Vault count percentage of total count
                 A         B        C        D         E       F
            +---------+---------+-------+---------+---------+-------
      Total |    2771 |    1128 |  28.9 |     134 |      17 |  11.3
            +---------+---------+-------+---------+---------+-------
        D:1 |      33 |       6 |  15.4 |      18 |       4 |  18.2
        D:2 |      65 |       0 |   0.0 |      21 |       0 |   0.0
        D:3 |      37 |       5 |  11.9 |      10 |       1 |   9.1
        D:4 |     493 |      82 |  14.3 |      28 |       3 |   9.7
        D:5 |     718 |       3 |   0.4 |      14 |       3 |  17.6
        D:6 |     552 |     522 |  48.6 |      26 |       4 |  13.3
        D:7 |     856 |      37 |   4.1 |      12 |       1 |   7.7
        D:8 |      11 |     473 |  97.7 |       3 |       1 |  25.0
     Temple |       6 |       0 |   0.0 |       2 |       0 |   0.0
            +---------+---------+-------+---------+---------+-------
